 Dungeon Crawl Stone Soup version 0.31-a0-795-g5eb97db20b (webtiles) character file.

Game seed: 4304588412275561668

966 demibob the Spear-Bearer (level 8, -3/63 HPs)
             Began as a Merfolk Chaos Knight on Sept 18, 2023.
             Was a Plaything of Xom.
             Slain by a two-headed ogre
             ... wielding a +0 giant club
              (21 damage)
             ... on level 5 of the Dungeon.
             The game lasted 00:07:41 (4220 turns).

demibob the Spear-Bearer (Merfolk Chaos Knight)     Turns: 4220, Time: 00:07:43

Health: -3/63      AC:  7    Str:  9 (11) XL:     8   Next: 15%
Magic:  8/8        EV: 14    Int:  8 (10) God:    Xom [......]
Gold:   234        SH:  0    Dex: 19 (20) Spells: 7/7 levels left

rFire   . . .        a - +0 spear (freeze)
rCold   . . .        (no shield)
rNeg    . . .        b - +2 leather armour
rPois   .            (no helmet)
rElec   .            k - +1 cloak {rCorr}
rCorr   +            (no gloves)
SInv    .            (no boots)
Will    .....        (no amulet)
Stlth   +            (no ring)
HPRegen 0.30/turn    (no ring)
MPRegen 0.11/turn

%: no passive effects
@: no status effects
A: (nimble swimmer 2), mertail, agile 1, mutation resistance 1, robust 1,
screaming 1, MP-powered wands
a: Renounce Religion


You were on level 5 of the Dungeon.
You worshipped Xom.
You were a very special plaything of Xom.
You visited 1 branch of the dungeon, and saw 5 of its levels.
You also visited: Sewer.

You collected 234 gold pieces.


Innate Abilities, Weirdness & Mutations

((You are very nimble when in or above water. (Stealth+, EV+, Speed+++)))
Your lower body shifts to a powerful aquatic tail in water.
You are agile. (Dex +4, Str/Int -1)
You are somewhat resistant to further mutation.
You are robust. (+10% HP)
You occasionally shout uncontrollably at your foes.
You expend magic power (3 MP) to strengthen your wands.


   Skills:
 - Level 3.2 Fighting
 + Level 12.0 Polearms
 - Level 0.6 Armour
 + Level 4.4 Dodging


You had 7 spell levels left.
You didn't know any spells.
Your spell library contained the following spells:

 Spells                   Type           Power      Damage    Failure   Level
 Kiss of Death            Conj/Necr      0%         2d5       52%         1
 Confusing Touch          Hex            0%         N/A       87%         3
 Dispel Undead            Necr           0%         3d6       99%         4

Inventory:

Hand Weapons
 a - a +0 spear of freezing (weapon)
Armour
 b - a +2 leather armour (worn)
 k - a +1 cloak of preservation (worn)
Jewellery
 v - a ring of see invisible
Scrolls
 e - a scroll of identify {@r1}
 f - a scroll of torment
Potions
 d - a potion of magic

Dungeon Overview and Level Annotations

Branches:
Dungeon (5/15)              Sewer (visited)
 Temple: D:4-7

Altars:

Annotations:
D:5 1 runed translucent door, cforsyth's ghost, weakling DjDe

##########
#SJO@....#
#.######.#
...........#
#.#
.##...#.##.#
#.# ##.##[# #
#.# #. ...# #.#
. .....###.# #
.........#####
..............#


You could see a two-headed ogre, a jelly and an adder.


Message History

You are too injured to fight recklessly!
You are too injured to fight recklessly!
You are too injured to fight recklessly!
You are too injured to fight recklessly!
You are too injured to fight recklessly!
Unknown command.
You feel better.
An adder comes into view.
You feel better.
The two-headed ogre hits you with a +0 giant club!
* * * LOW HITPOINT WARNING * * *
The two-headed ogre closely misses you.
You hit the two-headed ogre. You freeze the two-headed ogre.
The two-headed ogre is moderately wounded.
You barely miss the two-headed ogre.
The two-headed ogre is moderately wounded.
The two-headed ogre hits you with a +0 giant club.
* * * LOW HITPOINT WARNING * * *
The two-headed ogre barely misses you.
You hit the two-headed ogre. You freeze the two-headed ogre.
The two-headed ogre is moderately wounded.
You hit the two-headed ogre. You freeze the two-headed ogre.
The two-headed ogre is moderately wounded.
You hit the two-headed ogre. You freeze the two-headed ogre.
The two-headed ogre is heavily wounded.
The two-headed ogre hits you with a +0 giant club.
* * * LOW HITPOINT WARNING * * *
The two-headed ogre hits you with a +0 giant spiked club!!
You die...
Xom is highly amused!

Skill      XL: |  1  2  3  4  5  6  7  8 |
---------------+-------------------------+-----
Polearms       | 5 6 7 9 10 11 12 | 12.0
Dodging        | 4 |  4.4
Fighting       | |  3.2
Armour         | |  0.6

Action                     |  1- 3 |  4- 6 |  7- 9 || total
---------------------------+-------+-------+-------++-------
  Melee: Spear             |   116 |   148 |   298 ||   562
         Punch             |       |     1 |     6 ||     7
         Tailslap          |       |       |     4 ||     4
    Use: Scroll            |     1 |     4 |     6 ||    11
         Potion            |       |       |     8 ||     8
   Stab: Sleeping          |     2 |     6 |       ||     8
         Distracted        |       |     1 |       ||     1
         Paralysed         |       |     1 |       ||     1
         Petrified         |       |       |    49 ||    49
         Confused          |       |       |     3 ||     3
         Petrifying        |       |       |     1 ||     1
 Armour: Leather armour    |    37 |    40 |    76 ||   153
  Dodge: Dodged            |    43 |    54 |    78 ||   175

Levels and vault maps discovered:
D:1:      dpeg_arrival_brainrot, layout_basic, serial_forest,
          infiniplex_forest_straight_3, infiniplex_forest_clump_tiny,
          infiniplex_forest_straight_2, infiniplex_forest_straight_4
D:2:      minmay_roachtagon, layout_basic, hellmonk_ecumenical_altar_arch_garden
D:3:      layout_loops_ring, minmay_misc_feat_encased, uniq_crazy_yiuf_cottage
D:4:      layout_basic, portal_sewer_entry_f, dreamdust_mushroom_princess,
          uniq_duvessa, uniq_eustachio
D:5:      layout_loops_ring, ebering_ghost_reflecting_pool

Notes
Turn   | Place    | Note
-------+----------+-------------------------------------------
     0 | D:1      | demibob the Merfolk Chaos Knight began the quest for the
                  | Orb.
     0 | D:1      | Reached XP level 1. HP: 18/18 MP: 1/1
   126 | D:1      | Reached XP level 2. HP: 24/24 MP: 2/2
   311 | D:1      | Reached skill level 5 in Polearms
   356 | D:1      | XOM: silly message
   797 | D:2      | Reached XP level 3. HP: 24/29 MP: 3/3
   798 | D:2      | XOM: smoke on damage
   823 | D:2      | XOM: silly message
   924 | D:2      | Found a faded altar of an unknown god.
  1145 | D:2      | XOM: silly message
  1285 | D:2      | Reached skill level 6 in Polearms
  1370 | D:2      | Reached XP level 4. HP: 35/35 MP: 4/4
  1693 | D:3      | XOM: 3-stop teleportation journey
  1696 | D:3      | Found a runed translucent door.
  1697 | D:3      | Noticed Crazy Yiuf
  1704 | D:3      | XOM: stat loss: -1 Str (11/12)
  1901 | D:3      | XOM: give mutation
  1901 | D:3      | Gained mutation: You occasionally shout uncontrollably at
                  | your foes. [Xom's mischief]
  1937 | D:3      | Reached skill level 7 in Polearms
  2030 | D:3      | Reached XP level 5. HP: 41/41 MP: 5/5
  2090 | D:3      | XOM: 1-stop teleportation journey
  2094 | D:3      | Killed Crazy Yiuf
  2207 | D:3      | XOM: silly message
  2210 | D:3      | Reached skill level 8 in Polearms
  2211 | D:3      | a kobold changed into a shapeshifter
  2211 | D:3      | Noticed a shapeshifter (shapeshifter)
  2211 | D:3      | a shapeshifter changed into a spriggan
  2211 | D:3      | Noticed a spriggan (shapeshifter)
  2216 | D:3      | XOM: noise
  2225 | D:3      | Killed a spriggan
  2226 | D:3      | Reached skill level 9 in Polearms
  2226 | D:3      | Reached XP level 6. HP: 34/47 MP: 6/6
  2584 | D:4      | Reached skill level 10 in Polearms
  2584 | D:4      | Reached XP level 7. HP: 36/52 MP: 7/7
  2595 | D:4      | Noticed Eustachio
  2627 | D:4      | XOM: 4-stop teleportation journey
  2651 | D:4      | Killed Eustachio
  2751 | D:4      | Found a glowing drain.
  2773 | D:4      | Reached skill level 11 in Polearms
  2778 | Sewer    | Entered a sewer
  2796 | Sewer    | Noticed Pargi
  2825 | Sewer    | XOM: summons friendly shadow imp
  2831 | Sewer    | XOM: enchant monster (good)
  2839 | Sewer    | Killed Pargi
  2863 | Sewer    | XOM: 2-stop teleportation journey
  2868 | Sewer    | XOM: polymorph adder -> ball python
  2919 | Sewer    | XOM: give mutations
  2919 | Sewer    | Gained mutation: You are robust. (+10% HP) [Xom's grace]
  2919 | Sewer    | Gained mutation: You are somewhat resistant to further
                  | mutation. [Xom's grace]
  2919 | Sewer    | Gained mutation: You expend magic power (3 MP) to
                  | strengthen your wands. [Xom's grace]
  2919 | Sewer    | Gained mutation: You are agile. (Dex +4, Str/Int -1) [Xom's
                  | grace]
  2942 | Sewer    | XOM: god gift: 47 gold pieces
  3035 | D:4      | XOM: polymorph gnoll -> goblin
  3292 | D:4      | XOM: cloud trail
  3312 | D:4      | Noticed Duvessa
  3312 | D:4      | Noticed Dowan
  3346 | D:4      | Reached skill level 3 in Dodging
  3388 | D:4      | XOM: summons 2 friendly demons
  3424 | D:4      | Killed Duvessa
  3425 | D:4      | Reached skill level 4 in Dodging
  3425 | D:4      | Reached XP level 8. HP: 28/63 MP: 8/8
  3823 | D:4      | XOM: summons 5 hostile demons
  3824 | D:4      | Noticed a sixfirhy
  3902 | D:3      | XOM: summons 1 hostile shadow creature
  4092 | D:4      | Killed Dowan
  4160 | D:5      | Entered Level 5 of the Dungeon
  4160 | D:5      | Found a runed translucent door.
  4161 | D:5      | Noticed cforsyth's ghost (weakling DjDe)
  4187 | D:5      | Reached skill level 12 in Polearms
  4198 | D:5      | Noticed a two-headed ogre
  4220 | D:5      | Slain by a two-headed ogre

Vanquished Creatures
  A spriggan (shapeshifter) (D:3)
  Eustachio (D:4)
  Duvessa (D:4)
  An ogre (D:4)
  A bullfrog (D:4)
  Dowan (D:4)
  Crazy Yiuf (D:3)
  A gnoll bouda (D:4)
  7 gnolls
  5 adders
  A shadow imp (D:5)
  3 worms
  2 dart slugs
  An orc (D:4)
  10 endoplasms
  16 giant cockroaches
  5 goblins
  7 hobgoblins
  4 jackals
  6 quokkas
  10 ball pythons
  7 bats
  6 frilled lizards
  6 kobolds
  5 rats
109 creatures vanquished.

Vanquished Creatures (collateral kills)
  Pargi (Sewer)
1 creature vanquished.

Grand Total: 110 creatures vanquished

Table legend: (Time is in decaauts)
 A = Elapsed time spent in this place.
 B = Non-inter-level travel time spent in this place.
 C = Inter-level travel time spent in this place.
 D = Time resting spent in this place.
 E = Time spent auto-exploring this place.
 F = Levels seen in this place.
 G = Mean time per level.
                   A        B        C        D        E       F      G
               +--------+--------+--------+--------+--------+-----+--------+
         Total |   3958 |   3806 |    152 |    307 |   2708 |   6 |  659.7 |
       Dungeon |   3791 |   3639 |    152 |    307 |   2602 |   5 |  758.2 |
         Sewer |    167 |    167 |      0 |      0 |    105 |   1 |  167.0 |
               +--------+--------+--------+--------+--------+-----+--------+

Top non-repeatable levels by time:
     D:4: 1174 daAuts
     D:3: 1012 daAuts
     D:2: 817 daAuts
     D:1: 741 daAuts
   Sewer: 167 daAuts
     D:5: 45 daAuts

Table legend:
 A = Non-vault XP
 B = Vault XP
 C = Vault XP percentage of total XP
 D = Non-vault monster count
 E = Vault monster count
 F = Vault count percentage of total count
                 A         B        C        D         E       F
            +---------+---------+-------+---------+---------+-------
      Total |     751 |     629 |  45.6 |      81 |      29 |  26.4
            +---------+---------+-------+---------+---------+-------
        D:1 |      25 |       2 |   7.4 |      17 |       1 |   5.6
        D:2 |      48 |      20 |  29.4 |      18 |      10 |  35.7
        D:3 |     335 |      40 |  10.7 |      25 |       1 |   3.8
        D:4 |     332 |     416 |  55.6 |      20 |       8 |  28.6
        D:5 |      11 |       0 |   0.0 |       1 |       0 |   0.0
      Sewer |       0 |     151 | 100.0 |       0 |       9 | 100.0
            +---------+---------+-------+---------+---------+-------
